 Dungeon Crawl Stone Soup version 0.30-a0-561-g1b0378597e (webtiles) character file.

Game seed: 13776906453898814072

943 M4edhros the Cudgeller (level 8, 0/57 HPs)
             Began as an Octopode Chaos Knight on Dec 28, 2022.
             Was a Plaything of Xom.
             Slain by an orc wizard
             ... wielding a +0 dagger
              (2 damage)
             ... on level 5 of the Dungeon.
             The game lasted 00:08:28 (30304 turns).

M4edhros the Cudgeller (Octopode Chaos Knight)     Turns: 30304, Time: 00:08:28

Health: 0/57       AC:  9    Str: 11      XL:     8   Next: 12%
Magic:  8/8        EV: 15    Int: 17      God:    Xom [.*....]
Gold:   290        SH:  0    Dex: 14 (15) Spells: 7/7 levels left

rFire   . . .      SeeInvis .    l - +1 morningstar (protect)
rCold   . . .      Faith    +    (no shield)
rNeg    . . .      Spirit   .    t - +1 hat of the Quahog {Regen+ Dex+4}
rPois   .          Reflect  .    p - amulet of faith
rElec   .          Harm     .    j - +6 ring of intelligence
rCorr   .          Rampage  .    (no ring)
Will    .....                    (no ring)
Stlth   ++                       (no ring)
HPRegen 1.09/turn                (no ring)
MPRegen 0.11/turn                (no ring)
                                 (no ring)
                                 (no ring)

@: under a protective aura, unable to read
A: almost no armour, amphibious, 8 rings, camouflage 1, gelatinous body 1,
(nimble swimmer 1), tentacles, clumsy 1, dopey 2, inability to read after injury
1
a: Renounce Religion


You were on level 5 of the Dungeon.
You worshipped Xom.
You were a plaything of Xom.
You visited 1 branch of the dungeon, and saw 6 of its levels.
You also visited: Sewer.

You collected 290 gold pieces.

Inventory:

Hand Weapons
 l - a +1 morningstar of protection (weapon)
Missiles
 o - 10 javelins
 r - 5 curare-tipped darts
Armour
 g - a +1 hat
 s - a +0 leather armour of fire resistance
 t - the +1 hat of the Quahog (worn) {Regen+ Dex+4}
   (Xom gifted it to you on level 1 of the Dungeon)

   Dex:       It affects your dexterity (+4).
   Regen:     It increases your rate of health regeneration.
Jewellery
 j - a +6 ring of intelligence (left tentacle)
 p - an amulet of faith (around mantle)
Scrolls
 a - a scroll of torment {unknown}
 c - 2 scrolls of blinking {unknown}
 d - 2 scrolls of enchant weapon {unknown}
 e - a scroll of identify {unknown}
 i - a scroll of fear
 k - 3 scrolls of teleportation
 m - a scroll of acquirement {unknown}
 q - a scroll of noise {unknown}
Potions
 f - 5 potions of flight
 h - 3 potions of haste
Miscellaneous
 b - a piece from Xom's chessboard (14/15) (quivered)


   Skills:
 + Level 6.0 Fighting
 + Level 6.0 Maces & Flails
 + Level 5.7 Dodging


You had 7 spell levels left.
You didn't know any spells.
Your spell library contained the following spells:

 Spells                   Type           Power      Damage    Failure   Level
 Magic Dart               Conj           0%         1d3       24%         1
 Blink                    Tloc           0%         N/A       34%         2
 Call Imp                 Summ           0%         N/A       34%         2
 Mephitic Cloud           Conj/Pois/Air  0%         N/A       56%         3
 Ozocubu's Armour         Ice            0%         N/A       56%         3
 Manifold Assault         Tloc           0%         N/A       93%         4
 Blade Hands              Tmut           0%         N/A       100%        5
 Iron Shot                Conj/Erth      0%         9d1       100%        6
 Ozocubu's Refrigeration  Ice            0%         4d7       100%        7
 Storm Form               Tmut/Air       0%         N/A       100%        7
 Animate Armour           Summ/Erth      Unusable   N/A       N/A         4

Dungeon Overview and Level Annotations

Branches:
Dungeon (6/15)              Sewer (visited)
 Temple: D:4-7

Altars:
Hepliaklqana
Uskayaw
Xom


Innate Abilities, Weirdness & Mutations

You cannot wear most types of armour.
You are amphibious.
You can wear up to eight rings at the same time.
Your skin changes colour to match your surroundings (Stealth+).
Your rubbery body absorbs attacks. (AC +1, EV +1)
((You are camouflaged when in or above water. (Stealth+)))
You have tentacles for arms and can constrict up to eight enemies at once.
You are clumsy. (Dex -2)
You are very dopey. (Int -4)
You occasionally lose the ability to read scrolls when taking damage.


Message History

Pain shoots through your body! Something hits you.
Things that are here:
a +0 whip; 3 scrolls of teleportation; 16 gold pieces You feel less confused.
Something hits you.
Okay, then.
Aiming: Paralyse
Press: ? - help, Shift-Dir - straight line, f - orc priest
Aim: an orc priest, wielding a +0 flail and wearing a +0 scale mail (chance to affect: 49%)
The orc priest suddenly stops moving!
The now-empty wand crumbles to dust.
Something hits you.
You hit something.
Your weapon exudes an aura of protection.
Your squeeze misses something. Something hits you.
You barely miss something. Your squeeze misses something.
Something hits you but does no damage. Something hits you.
* * * LOW HITPOINT WARNING * * *
You puncture something!
You hear some strange, mumbled words.
A magic dart appears from out of thin air!
The magic dart hits you!
You feel threatened and lose the ability to read scrolls!
* * * LOW HITPOINT WARNING * * *
You don't have any such object.
Evoke which item? (* to show all) (? for menu, Esc to quit)
You don't have any such object.
Evoke which item? (* to show all) (? for menu, Esc to quit)
Okay, then.
Unknown command.
You make a move on Xom's chessboard...
Nothing appears to happen.
You hear some strange, mumbled words.
A puff of flame appears from out of thin air!
The puff of flame hits you!
* * * LOW HITPOINT WARNING * * *
Okay, then.
Something hits you but does no damage. Something hits you.
You die... "What!?
That's it?"

#.#####.## ##.########.....## #.#
### #.# #.......# #.# #.#
##......# #.# ##'## ##...#.# #.#
##...## ##.##.# #.#### ##.....##
#####.# #.##.## ##.......##
##.###.#
#.#...####.........####...##.####
#........'.....{@..'..........)..
#.#...####.........####...##.####
#.##.## ##....)..## ##.###.####
#.#### ##.....## #........# #.#
##.o.## #.##...#.# #.# ##'##
#.##...#.# #.# #.# #.##...#.# #.#
#.# #.##.###.# #.############.##
#........#


You could see an orc priest (paralysed).

Vanquished Creatures
  A water moccasin (D:5)
  A centaur (D:5)
  4 lemures (D:5)
  A gnoll sergeant (D:5)
  2 scorpions
  A necrophage (D:5)
  A howler monkey (D:5)
  A jelly (D:5)
  3 hounds
  3 iguanas (D:5)
  A merfolk siren (Sewer)
  An orc wizard (D:5)
  A merfolk avatar (Sewer)
  4 gnolls (D:5)
  3 river rats (Sewer)
  3 adders
  4 worms
  A dart slug (D:5)
  11 orcs
  12 ball pythons
  7 endoplasms
  8 giant cockroaches
  A goblin (D:2)
  2 hobgoblins
  6 quokkas
  4 bats
  6 frilled lizards
  4 kobolds
  26 rats
123 creatures vanquished.

Notes
Turn   | Place    | Note
-------+----------+-------------------------------------------
     0 | D:1      | M4edhros the Octopode Chaos Knight began the quest for the
                  | Orb.
     0 | D:1      | Reached XP level 1. HP: 16/16 MP: 1/1
   110 | D:1      | Reached XP level 2. HP: 6/21 MP: 2/2
   118 | D:1      | XOM: silly message
   394 | D:1      | XOM: noise
   644 | D:1      | XOM: scenery: 1 doors close
   761 | D:1      | XOM: give mutations
   761 | D:1      | Gained mutation: You have a pair of small antennae on your
                  | head. [Xom's grace]
   761 | D:1      | Gained mutation: Your spells are a little harder to cast,
                  | but a little more powerful. [Xom's grace]
   761 | D:1      | Gained mutation: Your flesh is heat resistant. (rF+) [Xom's
                  | grace]
  1796 | D:1      | XOM is BORED!
  1796 | D:1      | XOM: summons 2 hostile shadow creatures
  2229 | D:1      | XOM is BORED!
  2229 | D:1      | XOM: stat loss: -2 Int (12/14)
  2662 | D:1      | XOM: scenery: 1 doors open
  3077 | D:1      | XOM: give mutations
  3077 | D:1      | Gained mutation: You are partially covered in iridescent
                  | scales. (AC +2) [Xom's grace]
  3077 | D:1      | Gained mutation: You are mostly covered in iridescent
                  | scales. (AC +4) [Xom's grace]
  3077 | D:1      | Gained mutation: One of your tentacles bears a spike.
                  | [Xom's grace]
  3350 | D:3      | Reached XP level 3. HP: 20/26 MP: 3/3
  3487 | D:3      | Found a hazy altar of Hepliaklqana.
  3733 | D:3      | Reached XP level 4. HP: 31/32 MP: 4/4
  3736 | D:3      | Found a glowing drain.
  3744 | Sewer    | Entered a sewer
  3760 | Sewer    | XOM: 2-stop teleportation journey
  3780 | Sewer    | Noticed a malarious merfolk avatar
  3794 | Sewer    | Killed a malarious merfolk avatar
  3839 | Sewer    | Reached XP level 5. HP: 26/37 MP: 5/5
  4303 | D:4      | Found a hide-covered altar of Uskayaw.
  4461 | D:5      | Entered Level 5 of the Dungeon
  4493 | D:5      | XOM: god gift: Inescapable Atlas
  4515 | D:5      | Reached XP level 6. HP: 44/44 MP: 6/6
  4525 | D:5      | XOM: 3-stop teleportation journey
  5255 | D:1      | XOM: give mutation
  5255 | D:1      | Gained mutation: One of your tentacles bears a nasty spike.
                  | [Xom's mischief]
  5278 | D:1      | XOM: scenery: 1 doors close
  5618 | D:1      | XOM: silly message
  5777 | D:1      | XOM: scenery: 1 doors open
  5927 | D:1      | XOM: noise
  6018 | D:1      | XOM: silly message
  7317 | D:1      | XOM: silly message
  7964 | D:1      | XOM: cloud trail
  8040 | D:1      | XOM is BORED!
  8078 | D:1      | XOM: silly message
  8359 | D:1      | XOM: silly message
  8429 | D:5      | XOM: enchant monster (bad)
  8434 | D:5      | Reached skill level 5 in Fighting
  8434 | D:5      | Reached skill level 5 in Maces & Flails
  8553 | D:4      | XOM: draining
  8787 | D:2      | XOM: summons 4 hostile demons
  8799 | D:2      | Lost mutation: Your spells are a little harder to cast, but
                  | a little more powerful. [potion of mutation]
  8799 | D:2      | Lost mutation: One of your tentacles bears a nasty spike.
                  | [potion of mutation]
  8799 | D:2      | Lost mutation: You are mostly covered in iridescent scales.
                  | (AC +4) [potion of mutation]
  8799 | D:2      | Gained mutation: Your magical capacity is low. (-10% MP)
                  | [potion of mutation]
  8799 | D:2      | XOM: 1-stop teleportation journey
  8882 | D:2      | XOM: draining
  8924 | D:2      | Reached XP level 7. HP: 36/36 MP: 6/6
 10087 | D:1      | XOM: noise
 10866 | D:1      | XOM: give mutations
 10866 | D:1      | Gained mutation: You occasionally lose the ability to read
                  | scrolls when taking damage. [Xom's mischief]
 10866 | D:1      | Lost mutation: Your magical capacity is low. (-10% MP)
                  | [Xom's mischief]
 11070 | D:1      | XOM: silly message
 11078 | D:1      | XOM: stat loss: -1 Dex (12/13)
 11208 | D:1      | XOM: god gift: book of Iron
 11658 | D:1      | XOM: summons 2 hostile shadow creatures
 11751 | D:1      | XOM: silly message
 11802 | D:1      | XOM: give mutations
 11802 | D:1      | Gained mutation: You possess an exceptional clarity of
                  | mind. [Xom's mischief]
 11802 | D:1      | Gained mutation: You are occasionally teleported next to
                  | monsters. [Xom's mischief]
 11802 | D:1      | Lost mutation: You are partially covered in iridescent
                  | scales. (AC +2) [Xom's mischief]
 12063 | D:1      | XOM: give mutations
 12063 | D:1      | Gained mutation: Your mind is acute. (Int +4, Str/Dex -1)
                  | [Xom's grace]
 12063 | D:1      | Gained mutation: Your skin blends seamlessly with your
                  | surroundings (Stealth++). [Xom's grace]
 12566 | D:1      | XOM: summons 1 hostile demon
 12567 | D:1      | Noticed a sun demon
 12637 | D:2      | XOM: summons 3 hostile shadow creatures
 13190 | D:1      | XOM: stat loss: -1 Int (24/25)
 13489 | D:1      | XOM is BORED!
 13489 | D:1      | XOM: summons 2 hostile demons
 14531 | D:1      | XOM: noise
 14634 | D:1      | XOM is BORED!
 14699 | D:1      | XOM: summons 3 hostile demons
 14853 | D:1      | XOM: give mutations
 14853 | D:1      | Gained mutation: You occasionally shout uncontrollably at
                  | your foes. [Xom's mischief]
 14853 | D:1      | Gained mutation: You are frail. (-10% HP) [Xom's mischief]
 15040 | D:1      | XOM: silly message
 15434 | D:1      | XOM: silly message
 15504 | D:1      | XOM: summons 2 hostile shadow creatures
 15632 | D:1      | XOM: give mutations
 15632 | D:1      | Gained mutation: Your flesh is cold resistant. (rC+) [Xom's
                  | grace]
 15632 | D:1      | Gained mutation: Your spells are a little harder to cast,
                  | but a little more powerful. [Xom's grace]
 15886 | D:1      | XOM: give mutations
 15886 | D:1      | Lost mutation: You are frail. (-10% HP) [Xom's mischief]
 15886 | D:1      | Lost mutation: You have a pair of small antennae on your
                  | head. [Xom's mischief]
 15886 | D:1      | Lost mutation: You occasionally shout uncontrollably at
                  | your foes. [Xom's mischief]
 16422 | D:1      | XOM: give mutations
 16422 | D:1      | Lost mutation: Your flesh is cold resistant. (rC+) [Xom's
                  | mischief]
 16422 | D:1      | Gained mutation: You are agile. (Dex +4, Str/Int -1) [Xom's
                  | mischief]
 16422 | D:1      | Gained mutation: You have hidden genetic potential. [Xom's
                  | mischief]
 16574 | D:1      | XOM: summons 4 hostile shadow creatures
 17102 | D:1      | XOM: silly message
 17114 | D:1      | XOM: noise
 17173 | D:1      | XOM: god gift: scroll labelled GETHRA QAIROJ {god gift}
 17810 | D:1      | XOM: god gift: wand of paralysis (5)
 17816 | D:1      | XOM: scenery: 1 doors close
 18117 | D:1      | XOM: god gift: glowing leather armour {god gift}
 18325 | D:1      | XOM: divination: magic mapping
 18382 | D:1      | Identified the +1 hat of the Quahog {Regen+ Dex+4} (Xom
                  | gifted it to you on level 1 of the Dungeon)
 18382 | D:1      | XOM: god gift: +1 hat of the Quahog {Regen+ Dex+4}
 18594 | D:1      | XOM is BORED!
 18594 | D:1      | XOM: summons 1 hostile shadow creature
 18705 | D:1      | XOM: give mutations
 18705 | D:1      | Lost mutation: Your mind is acute. (Int +4, Str/Dex -1)
                  | [Xom's mischief]
 18705 | D:1      | Lost mutation: You possess an exceptional clarity of mind.
                  | [Xom's mischief]
 18758 | D:1      | XOM: god gift: potion of heal wounds
 19315 | D:1      | XOM: give mutations
 19315 | D:1      | Gained mutation: Your mind is acute. (Int +4, Str/Dex -1)
                  | [Xom's grace]
 19315 | D:1      | Gained mutation: You are covered in fur. (AC +1) [Xom's
                  | grace]
 19321 | D:1      | XOM: cloud trail
 20483 | D:1      | XOM: divination: detect creatures
 20547 | D:1      | XOM: silly message
 20750 | D:1      | XOM: summons 4 hostile demons
 20812 | D:1      | XOM: divination: magic mapping
 20829 | D:1      | XOM: torment (20/37 hp)
 21185 | D:1      | XOM: scenery: 1 doors open
 21554 | D:1      | XOM: god gift: dagger {god gift}
 21785 | D:1      | XOM: divination: magic mapping
 21888 | D:1      | XOM: god gift: 12 gold pieces
 22098 | D:1      | XOM: give mutations
 22098 | D:1      | Lost mutation: Your skin blends seamlessly with your
                  | surroundings (Stealth++). [Xom's mischief]
 22098 | D:1      | Lost mutation: You are occasionally teleported next to
                  | monsters. [Xom's mischief]
 22098 | D:1      | Lost mutation: Your mind is acute. (Int +4, Str/Dex -1)
                  | [Xom's mischief]
 22098 | D:1      | Lost mutation: Your flesh is heat resistant. (rF+) [Xom's
                  | mischief]
 22313 | D:1      | XOM: god gift: 33 gold pieces
 23119 | D:1      | XOM: silly message
 23161 | D:1      | XOM: give mutations
 23161 | D:1      | Lost mutation: You have hidden genetic potential. [Xom's
                  | mischief]
 23161 | D:1      | Lost mutation: You are agile. (Dex +4, Str/Int -1) [Xom's
                  | mischief]
 23161 | D:1      | Gained mutation: You are dopey. (Int -2) [Xom's mischief]
 23161 | D:1      | Gained mutation: You are very dopey. (Int -4) [Xom's
                  | mischief]
 23984 | D:1      | XOM: 1-stop teleportation journey
 24088 | D:1      | XOM: silly message
 24303 | D:1      | XOM: summons 4 hostile demons
 24304 | D:1      | Noticed a chaos spawn
 24304 | D:1      | Noticed a red devil
 24350 | D:2      | XOM: 2-stop teleportation journey
 24580 | D:1      | XOM: silly message
 24916 | D:1      | XOM: give mutation
 24916 | D:1      | Lost mutation: You occasionally lose the ability to read
                  | scrolls when taking damage. [Xom's mischief]
 24927 | D:1      | XOM: summons 1 hostile demon
 25850 | D:1      | XOM is BORED!
 25850 | D:1      | XOM: give mutations
 25850 | D:1      | Lost mutation: You are very dopey. (Int -4) [Xom's
                  | mischief]
 25850 | D:1      | Gained mutation: You are very dopey. (Int -4) [Xom's
                  | mischief]
 25850 | D:1      | Gained mutation: You occasionally shout uncontrollably at
                  | your foes. [Xom's mischief]
 25956 | D:3      | XOM: silly message
 26128 | D:1      | XOM: summons 2 hostile demons
 26405 | D:1      | XOM: divination: detect creatures
 27604 | D:1      | XOM: cloud trail
 27650 | D:1      | XOM: scenery: create altars
 27696 | D:1      | XOM: noise
 28185 | D:1      | XOM: summons 2 hostile demons
 28208 | D:1      | XOM: silly message
 28214 | D:1      | XOM: give mutations
 28214 | D:1      | Lost mutation: You occasionally shout uncontrollably at
                  | your foes. [Xom's mischief]
 28214 | D:1      | Gained mutation: You are clumsy. (Dex -2) [Xom's mischief]
 28214 | D:1      | Lost mutation: You are covered in fur. (AC +1) [Xom's
                  | mischief]
 28344 | D:1      | XOM: give mutation
 28344 | D:1      | Gained mutation: You are weak. (Str -2) [Xom's mischief]
 28712 | D:1      | XOM: stat loss: -1 Str (8/9)
 28904 | D:1      | XOM: give mutations
 28904 | D:1      | Lost mutation: Your spells are a little harder to cast, but
                  | a little more powerful. [Xom's mischief]
 28904 | D:1      | Lost mutation: You are weak. (Str -2) [Xom's mischief]
 28904 | D:1      | Lost mutation: One of your tentacles bears a spike. [Xom's
                  | mischief]
 28904 | D:1      | Gained mutation: You occasionally lose the ability to read
                  | scrolls when taking damage. [Xom's mischief]
 29273 | D:1      | XOM: silly message
 29356 | D:1      | Glimpsed the power of Zot.
 29436 | D:5      | XOM: cast spell 'Summon Small Mammal'
 29442 | D:5      | XOM: confuse monster(s)
 29466 | D:5      | XOM: butterfly on damage
 29470 | D:5      | Reached skill level 5 in Dodging
 29506 | D:5      | XOM: confusion (+ monsters)
 29603 | D:5      | XOM: silly message
 29606 | D:5      | XOM: divination: magic mapping
 29727 | D:5      | XOM: noise
 29958 | D:5      | XOM: 1-stop teleportation journey
 29968 | D:5      | Reached XP level 8. HP: 57/57 MP: 8/8
 30066 | D:5      | XOM: noise
 30115 | D:5      | XOM: swap monsters
 30302 | D:5      | HP: 1/57 [something/puff of flame (7)]
 30304 | D:5      | Slain by an orc wizard

Illustrated notes

Levels and vault maps discovered:
D:1:      sevenhm_arrival_forest_fort_large_4, layout_basic
D:2:      layout_basic, uniq_crazy_yiuf_cottage
D:3:      layout_loops_ring, nicolae_hepliaklqana_hippocampus,
          portal_sewer_entry_b
D:4:      layout_rooms, nicolae_qazlal_scattered_showers, old_standard_altar,
          temple_statues
D:5:      layout_loops_corners, uniq_pikel, uniq_sigmund
D:6:      layout_basic, nicolae_yredelemnul_ghost_church

Skill      XL: |  1  2  3  4  5  6  7  8 |
---------------+-------------------------+-----
Dodging        | 3 4 5 |  5.7
Maces & Flails | 4 5 6 |  6.0
Fighting       | 4 5 6 |  6.0

Action                   |  1- 3 |  4- 6 |  7- 9 || total
-------------------------+-------+-------+-------++-------
Melee: Mace              |    66 |    94 |   137 ||   297
       Tentacles         |    10 |    14 |    41 ||    65
       Constrict         |    13 |    31 |    46 ||    90
       Kick              |    10 |    36 |    22 ||    68
       Punch             |     2 |     1 |     6 ||     9
       Morningstar       |       |       |    47 ||    47
Evoke: Wand              |       |       |     5 ||     5
       Piece from Xom's  |       |       |     1 ||     1
  Use: Potion            |       |     3 |     3 ||     6
       Scroll            |       |       |     1 ||     1
 Stab: Sleeping          |     4 |     9 |     4 ||    17
       Paralysed         |       |       |    10 ||    10
       Confused          |       |       |     1 ||     1
Armor: Skin              |    10 |    42 |    43 ||    95
Dodge: Dodged            |    31 |    72 |   146 ||   249

Table legend: (Time is in decaauts)
 A = Elapsed time spent in this place.
 B = Non-inter-level travel time spent in this place.
 C = Inter-level travel time spent in this place.
 D = Time resting spent in this place.
 E = Time spent auto-exploring this place.
 F = Levels seen in this place.
 G = Mean time per level.
                   A        B        C        D        E       F      G
               +--------+--------+--------+--------+--------+-----+--------+
         Total |  30357 |  29663 |    694 |  26675 |   1979 |   7 | 4336.7 |
       Dungeon |  29946 |  29252 |    694 |  26675 |   1728 |   6 | 4991.0 |
         Sewer |    410 |    410 |      0 |      0 |    251 |   1 |  410.0 |
               +--------+--------+--------+--------+--------+-----+--------+

Top non-repeatable levels by time:
     D:1: 26573 daAuts
     D:5: 1035 daAuts
     D:2: 1012 daAuts
     D:3: 749 daAuts
     D:4: 574 daAuts
   Sewer: 410 daAuts
     D:6: 1 daAuts
